AoeStats
← Miyamoto

Pilgrims

508382109Analyzed
4v4 RM · 11d ago on Sep 22, 2026· 47m 33s· 8 players
Game mode
Random Map
Map size
Large (8 player)
Population
200
Speed
Normal
Resources
Standard
Victory
Conquest
Starting age
Dark Age
Ending age
Imperial Age
RankedLock teamsTeams togetherTeam positionsShared explorationLock speedFull tech treeHidden civsTurbo modeCheats
Victory
Defeat
🇨🇳 Spanish · China
1187
+14
🇹🇼 Huns · Taiwan
1074
+19
🇹🇼 Britons · Taiwan
1051
+20
🇨🇳 Japanese · China
1003
+23
🇨🇳 Vikings · China
1188
-21
🇳🇱 Italians · Netherlands
1186
-21
🇳🇱 Vietnamese · Netherlands
1155
-19
🇦🇷 Portuguese · Argentina
1039
-15
Oscar_Lee
11:50 Feudal Age
10:08 Loom
11:54 Feudal Age
13:31 Loom
17:31 Castle Age
18:15 Double-Bit Axe
18:11 Horse Collar
18:23 Gold Mining
18:43 Scale Barding Armor
24:22 Forging
26:15 Fletching
33:18 Bow Saw
33:04 Horse Collar
34:16 Gold Shaft Mining
33:33 Stone Mining
34:04 Chain Barding Armor
34:31 Heavy Plow
37:17 Iron Casting
40:39 Imperial Age
38:47 Wheelbarrow
38:33 Marauders
40:55 Iron Casting
40:33 Bloodlines
40:24 Husbandry
42:24 Two-Man Saw
41:54 Conscription
43:10 Heavy Cavalry Archer
44:15 Parthian Tactics
43:56 Thumb Ring
44:45 Padded Archer Armor
44:40 Bodkin Arrow
45:56 Plate Barding Armor
45:51 Elite Tarkan
46:53 Bodkin Arrow
47:00 Bodkin Arrow
47:06 Padded Archer Armor
jameskobecp6
11:46 Loom
13:46 Feudal Age
14:28 Double-Bit Axe
15:25 Horse Collar
17:00 Scale Barding Armor
17:06 Forging
24:04 Gold Mining
Vtinglove
4:28 Loom
24:18 Feudal Age
27:50 Castle Age
25:40 Fishing Lines
26:04 Double-Bit Axe
28:50 Gillnets
29:25 Bow Saw
29:53 Medium Warships
31:32 Gold Mining
32:20 Clinker Construction
32:21 Careening
33:24 Town Watch
34:14 Wheelbarrow
34:52 Horse Collar
35:45 Heavy Plow
36:19 Siphons
39:03 Wheelbarrow
40:28 Hand Cart
43:55 Imperial Age
42:37 Scale Barding Armor
42:42 Forging
44:18 Bloodlines
44:08 Husbandry
43:56 Cavalier
45:18 Paladin
46:52 Caravan
47:41 Chain Barding Armor
47:56 Iron Casting
48:05 Iron Casting
bro
10:07 Loom
13:02 Feudal Age
13:50 Man-at-Arms
20:53 Castle Age
20:51 Gold Mining
20:52 Stone Mining
20:51 Double-Bit Axe
21:16 Fishing Lines
26:56 Horse Collar
29:49 Heavy Plow
30:26 Wheelbarrow
29:36 Town Watch
30:19 Squires
32:08 Town Watch
36:30 Imperial Age
35:25 Bow Saw
35:54 Gold Shaft Mining
35:41 Treadmill Crane
37:35 Conscription
37:37 Kataparuto
37:25 Squires
36:45 Pikeman
37:11 Gambesons
37:12 Arson
37:39 Halberdier
37:46 Elite Skirmisher
38:31 Thumb Ring
40:34 Elite Samurai
41:57 Forging
41:50 Scale Mail Armor
42:59 Parthian Tactics
44:29 Iron Casting
44:09 Chain Mail Armor
44:12 Fletching
44:22 Padded Archer Armor
44:56 Bodkin Arrow
45:58 Leather Archer Armor
47:31 Blast Furnace
46:47 Chain Mail Armor
46:32 Bracer
精锐数字
7:08 Loom
14:45 Feudal Age
jellIEBEANS
4:17 Loom
11:06 Feudal Age
15:49 Castle Age
14:48 Fletching
15:13 Gold Mining
15:07 Horse Collar
16:50 Bodkin Arrow
17:48 Double-Bit Axe
18:06 Heavy Plow
19:26 Wheelbarrow
21:35 Bow Saw
22:00 Hand Cart
30:20 Imperial Age
29:35 Pikeman
30:31 Medium Warships
31:05 Bracer
32:16 Two-Man Saw
32:00 Heavy Warships
32:25 Ballistics
36:00 Paper Money
36:42 Chemistry
35:56 Halberdier
37:00 Elite Rattan Archer
38:07 Padded Archer Armor
38:08 Scale Mail Armor
38:47 Squires
39:05 Forging
40:27 Stone Mining
41:35 Chain Mail Armor
41:55 Iron Casting
Miyamoto
10:11 Loom
12:17 Feudal Age
12:54 Man-at-Arms
13:49 Double-Bit Axe
14:03 Arson
14:26 Scale Mail Armor
16:53 Fletching
17:14 Forging
21:07 Wheelbarrow
23:26 Castle Age
23:25 Forging
23:18 Padded Archer Armor
23:54 Crossbowman
24:33 Bodkin Arrow
25:24 Medium Warships
tikymax
4:17 Loom
10:51 Feudal Age
14:24 Castle Age
12:58 Double-Bit Axe
13:38 Stone Mining
21:40 Redemption
23:36 Town Watch
24:28 Wheelbarrow
28:01 Gold Mining
27:47 Pikeman
28:29 Scale Mail Armor
28:39 Forging
31:47 Horse Collar
35:46 Fletching
36:37 Bodkin Arrow
37:39 Murder Holes
38:06 Ballistics
Connection lost

Rejoining the realm…

Still unreachable

The connection could not be restored.

Session expired

The server has moved on; the page needs a fresh start.